Map: Lerilak Crest

Players

lesha

  • Race: Terran Terran
  • League: Silver

Zewar - Winner!

  • Race: Terran Terran
  • League: Silver

VOD

Have the link to the VOD?

Description

Time

  • Played on: Dec. 15, 2015, 10:12 a.m.
  • Length: 9:03
Show
View Real Time Build Order
Export as new Build Order

lesha Terran 

Build Orders: Reaper Expand, MMM Bio 

Get SALT Encoding   

  12  0:01  SCV  
  13  0:13  SCV  
  14  0:17  Supply Depot  
  14  0:25  SCV  
  15  0:36  Refinery  
  15  0:39  SCV  
  16  0:47  Barracks  
  16  0:56  SCV  
  17  1:09  SCV  
  18  1:21  SCV  
  19  1:34  Command Center  
  19  1:38  Reaper  
  20  1:45  Orbital Command  
  20  1:58  Refinery  
  20  2:10  Reaper  
  21  2:20  Supply Depot  
  21  2:22  SCV  
  22  2:31  Factory  
  22  2:34  SCV  
  23  2:46  SCV  
  24  2:52  Orbital Command  
  24  2:59  SCV  
  24  3:32  SCV x2  
  26  3:44  SCV x2  
  28  3:58  SCV  
  28  3:59  SCV  
  30  4:08  Barracks  
  30  4:10  SCV  
  30  4:11  SCV, Barracks  
  30  4:12  Starport, Barracks  
  30  4:13  Barracks  
  32  4:23  SCV x2  
  34  4:35  SCV x2  
  36  4:47  SCV x2  
  36  4:50  Factory Tech Lab  
  37  5:11  SCV  
  37  5:12  SCV  
  39  5:17  Barracks Reactor  
  39  5:18  Barracks Reactor, Barracks Tech Lab  
  39  5:19  Barracks Tech Lab  
  39  5:22  Starport Reactor  
  39  5:24  SCV  
  40  5:30  Supply Depot, Engineering Bay  
  40  5:33  Supply Depot x2  
  40  5:34  Supply Depot  
  39  5:37  Engineering Bay  
  38  5:52  Refinery  
  38  5:54  Refinery  
  38  6:02  Marauder x2  
  42  6:06  Command Center  
  42  6:08  Combat Shields, Stimpack  
  42  6:10  Barracks Reactor  
  42  6:11  Marine x2  
  42  6:12  Marine x2  
  42  6:13  Medivac  
  48  6:28  SCV x2  
  50  6:36  Terran Infantry Weapons Level 1  
  50  6:37  Terran Infantry Armor Level 1  
  50  6:38  Marine  
  50  6:39  Marine x3  
  54  6:40  SCV x2  
  54  6:42  Marauder  
  54  6:44  Marauder  
  60  6:53  SCV x2  
  62  6:57  Marine x5  
  62  6:58  Marine  
  68  7:03  Marauder  
  68  7:04  Medivac  
  68  7:05  SCV, Medivac, Marauder  
  68  7:06  SCV  
  78  7:17  Marine x2  
  80  7:28  Supply Depot  
  80  7:30  Supply Depot  
  80  7:31  Supply Depot  
  80  7:35  Orbital Command  
  80  7:38  SCV x2  
  82  7:50  SCV  
  82  7:51  SCV  
  84  7:52  Supply Depot  
  84  7:59  Marine x3  
  84  8:00  Marine  
  84  8:02  SCV  
  84  8:03  SCV  
  84  8:04  Marine x3  
  90  8:14  SCV  
  51  8:44  Marine x4  
Show
View Real Time Build Order
Export as new Build Order

Zewar Terran - Winner!

Build Orders:  

Get SALT Encoding   

  12  0:01  SCV  
  13  0:14  Supply Depot  
  13  0:18  SCV  
  14  0:30  SCV  
  15  0:38  Barracks  
  15  0:42  SCV  
  16  0:54  SCV  
  17  1:06  SCV  
  18  1:17  Command Center  
  18  1:20  SCV  
  19  1:32  Refinery  
  19  1:34  Refinery  
  19  1:46  Orbital Command  
  19  2:03  Barracks Tech Lab  
  19  2:10  Barracks  
  19  2:13  SCV, Engineering Bay  
  20  2:25  SCV  
  20  2:28  Supply Depot  
  20  2:29  Marine  
  22  2:36  Orbital Command  
  22  2:41  SCV  
  23  2:47  Marine  
  24  3:03  Marine  
  24  3:07  Factory  
  24  3:08  Marine  
  25  3:20  Marine  
  26  3:33  SCV x2  
  28  3:45  SCV x2  
  30  3:56  Factory Tech Lab  
  30  3:57  SCV x2  
  30  4:01  Terran Infantry Weapons Level 1, Starport  
  32  4:09  SCV  
  34  4:10  SCV  
  34  4:11  Refinery  
  37  4:17  Supply Depot, Siege Tank  
  37  4:21  SCV  
  37  4:22  SCV  
  38  4:37  Refinery  
  38  4:41  Marine x2  
  40  4:49  Barracks  
  40  4:50  Starport Reactor  
  40  4:54  SCV  
  40  4:59  Marine x2  
  43  5:06  SCV  
  44  5:10  Supply Depot  
  44  5:11  Supply Depot  
  44  5:13  SCV  
  45  5:18  SCV, Barracks Reactor  
  45  5:20  Siege Tank  
  49  5:25  SCV  
  49  5:28  Medivac x2  
  54  5:32  SCV  
  54  5:34  Supply Depot  
  55  5:36  Supply Depot  
  55  5:37  SCV  
  55  5:38  Barracks Reactor  
  56  5:44  SCV  
  56  5:45  Engineering Bay  
  56  5:49  SCV  
  58  5:56  SCV  
  59  5:59  Siege Tank  
  59  6:00  Supply Depot  
  59  6:01  SCV  
  63  6:08  SCV  
  63  6:11  Marine x3  
  67  6:14  Stimpack  
  67  6:19  Marine x2  
  67  6:20  SCV  
  67  6:24  Supply Depot  
  70  6:28  Marine x2  
  70  6:29  Marine  
  70  6:30  Terran Infantry Armor Level 1  
  70  6:31  Siege Tank  
  76  6:34  Supply Depot  
  76  6:36  Armory, Marine x2  
  78  6:46  Marine x3, Medivac  
  83  6:54  Marine x2  
  83  6:57  Supply Depot  
  85  7:04  Marine x3  
  88  7:12  Marine x2  
  90  7:22  Marine x3  
  93  7:25  Supply Depot  
  93  7:30  Marine x2  
  95  7:40  Marine x3  
  98  7:48  Marine x2  
  100  7:57  Marine  
  101  8:12  Command Center  
  92  8:44  Marine x5  
Tags
 
Composition
MMM Bio
Matchup
TvT
Race
Terran
Add a new tag
Caveats
  • Supply blocks, unpowered buildings, or Contaminate may cause inaccurate times.
  • Supply counts are checked every 10 seconds.